 Dungeon Crawl Stone Soup version 0.16-a0-3178-g2c88c44 (webtiles) character file.

951 Malachi the Skirmisher (level 7, -1/55 HPs)
             Began as a Mummy Berserker on Dec 16, 2014.
             Was an Elder of Trog.
             Slain by a goliath beetle (15 damage)
             ... on level 6 of the Dungeon.
             The game lasted 00:14:22 (6413 turns).

Malachi the Skirmisher (Mummy Berserker)            Turns: 6413, Time: 00:14:22

Health: -1/55      AC: 13    Str: 22    XL:     7   Next: 90%
Magic:  7/7        EV:  9    Int:  6    God:    Trog [****..]
Gold:   114        SH:  0    Dex: 11    Spells: 0 memorised, 6 levels left

rFire  x . .     SeeInvis .     u - +0 war axe
rCold  + . .     Clarity  .     l - +0 chain mail
rNeg   + + +     SustAb   .     (no shield)
rPois  ∞         Gourm    .     p - +0 helmet
rElec  .         Spirit   .     (no cloak)
rCorr  .         Warding  .     (no gloves)
rMut   .         Stasis   .     (no boots)
MR     .....                    (no amulet)
Stlth  ..........               h - ring of flight
                                b - +3 ring of protection

@: very slightly contaminated, hasted, very quick, not resistant to hostile
enchantments, extremely unstealthy
A: no food or potions, fire vulnerability, restore body, cold resistance 1,
negative energy resistance 3, poison resistance, torment resistance, unbreathing
a: Burn Spellbooks, Trog's Hand, Brothers in Arms, Renounce Religion, Evoke
Flight


You were on level 6 of the Dungeon.
You worshipped Trog.
Trog was greatly pleased with you.
You were not hungry.

You visited 1 branch of the dungeon, and saw 6 of its levels.

You collected 307 gold pieces.
You spent 193 gold pieces at shops.

Inventory:

Hand weapons
 a - a +0 hand axe
 i - a +0 whip of draining
 j - a +2 whip of venom
 u - a +0 war axe (weapon)
Armour
 l - a +0 chain mail (worn)
 p - a +0 helmet (worn)
Jewellery
 b - a +3 ring of protection (left hand)
 h - a ring of flight (right hand)
Magical devices
 m - a wand of hasting (3)
 q - a wand of lightning (0)
 v - a wand of paralysis (5)
 w - a wand of confusion (34)
 x - a wand of disintegration (0)
Scrolls
 c - 2 scrolls of immolation {unknown}
 e - 4 scrolls of magic mapping {unknown}
 f - a scroll of fog {unknown}
 g - a scroll of enchant armour {unknown}
 n - a scroll of remove curse {unknown}
 r - a scroll of recharging {unknown}
 s - a scroll of enchant weapon {unknown}
 t - 2 scrolls of fear {unknown}
Books
 d - a book of Battle

   Spells                             Type                      Level
   a - Infusion                       Charms                       1
   b - Shroud of Golubria             Charms/Translocation         2
   c - Song of Slaying                Charms                       2
   d - Spectral Weapon                Hexes/Charms                 3
   e - Regeneration                   Charms/Necromancy            3
   Trog disapproves of the use of such an item.
 o - a book of the Warp

   Spells                             Type                      Level
   a - Recall                         Summoning/Translocation      3
   b - Control Teleport               Charms/Translocation         4
   c - Force Lance                    Conjuration/Translocation    4
   d - Phase Shift                    Translocation                5
   e - Warp Weapon                    Charms/Translocation         5
   f - Summon Forest                  Summoning/Translocation      5
   g - Gell's Gravitas                Hexes/Translocation          6
   Trog disapproves of the use of such an item.


   Skills:
 + Level 4.8 Fighting
 + Level 4.3 Axes
 + Level 4.0 Armour
 + Level 4.4 Dodging
 + Level 0.6 Stealth
 + Level 0.1 Evocations


You had 6 spell levels left.
You didn't know any spells.

Dungeon Overview and Level Annotations

Branches:
Dungeon (6/15)             Temple (0/1) D:5

Altars:
Ashenzari
Gozag
Qazlal
Zin

Shops:
D:4 (   D:5 *   D:6 [

Annotations:
D:3 Johnny's ghost, average HuHu


Innate Abilities, Weirdness & Mutations

You do not eat or drink.
Your flesh is vulnerable to fire.
Your flesh is cold resistant.
You are immune to negative energy.
Your system is resistant to poisons.
You are immune to unholy pain and torment.
You can survive without breathing.


Message History

Press: ? - help, Shift-Dir - straight line, f - you You feel yourself speed up.
You are very lightly contaminated with residual magic.
Evoking this partially-identified wand wasted a few charges.
The goliath beetle barely misses you.
You hit the goliath beetle but do no damage.
The goliath beetle is heavily wounded.
You hit the goliath beetle but do no damage.
The goliath beetle is heavily wounded.
The goliath beetle bites you!
* * * LOW HITPOINT WARNING * * *
You are too injured to fight recklessly!
You are too injured to fight recklessly!
You are too injured to fight recklessly!
You hit the goliath beetle but do no damage.
The goliath beetle is heavily wounded.
You hit the goliath beetle but do no damage.
The goliath beetle is heavily wounded.
The goliath beetle bites you!
You die...

####### #.....#
###.#...####
.###########..∩........
.........(...#.#......!
....$..#@#####........
#####.#B# ########.
#.#.########
#...........
#.....[.....
#<..........
###.######## #.# #.#


You could see a goliath beetle.

Vanquished Creatures
  2 ogres
  A phantom (D:3)
  Sigmund (D:3)
  2 crimson imps (D:5)
  An orc priest (D:4)
  3 hounds (D:4)
  6 orc wizards
  An iguana (D:4)
  Terence (D:3)
  Robin (D:3)
  7 adders
  4 gnolls
  2 giant mites (D:3)
  2 adder skeletons
  9 giant geckos
  2 oozes
  6 orcs
  2 giant cockroaches
  13 goblins
  11 hobgoblins
  8 jackals
  7 kobolds
  3 quokkas
  A ball python (D:3)
  10 bats
  A giant gecko skeleton (D:4)
  4 giant newts
  A jackal skeleton (D:4)
  12 rats
  2 plants (D:4)
126 creatures vanquished.

Notes
Turn   | Place    | Note
--------------------------------------------------------------
     0 | D:1      | Malachi, the Mummy Berserker, began the quest for the Orb.
     0 | D:1      | Reached XP level 1. HP: 18/18 MP: 1/1
   329 | D:1      | Reached XP level 2. HP: 24/24 MP: 2/2
   830 | D:2      | Acquired Trog's second power
   890 | D:2      | Reached XP level 3. HP: 26/29 MP: 3/3
  1175 | D:2      | Found a shattered altar of Ashenzari.
  1719 | D:3      | Noticed Robin
  1721 | D:3      | Reached XP level 4. HP: 36/36 MP: 4/4
  1755 | D:3      | Killed Robin
  1820 | D:3      | Noticed Terence
  1843 | D:3      | Killed Terence
  2238 | D:3      | Noticed Sigmund
  2258 | D:3      | Killed Sigmund
  2258 | D:3      | Reached XP level 5. HP: 39/42 MP: 5/5
  2376 | D:3      | Noticed Johnny's ghost (average HuHu)
  3168 | D:3      | Noticed a phantom
  3232 | D:4      | Reached skill level 4 in Fighting
  3241 | D:4      | Reached XP level 6. HP: 45/48 MP: 6/6
  3267 | D:4      | Noticed a fire elemental
  3298 | D:4      | Found a stormy altar of Qazlal.
  3302 | D:4      | Noticed a water elemental
  3302 | D:4      | Noticed an air elemental
  3705 | D:4      | Noticed an ogre
  3724 | D:4      | Killed an ogre
  4161 | D:4      | Found Nolef's Antique Weapon Shoppe.
  4167 | D:4      | Bought a war axe for 63 gold pieces
  4321 | D:4      | Acquired Trog's third power
  4327 | D:4      | Reached XP level 7. HP: 52/55 MP: 7/7
  5116 | D:3      | Killed a phantom
  5418 | D:5      | Entered Level 5 of the Dungeon
  5524 | D:5      | Found a staircase to the Ecumenical Temple.
  5782 | D:5      | Found Bler's Assorted Antiques.
  5797 | D:5      | Bought an encrusted coral ring for 130 gold pieces
  6179 | D:5      | Found a glowing silver altar of Zin.
  6180 | D:5      | Found an opulent altar of Gozag.
  6384 | D:6      | Found Bec Poem's Armour Emporium.
  6413 | D:6      | Slain by a goliath beetle

Action                   |  1- 3 |  4- 6 |  7- 9 || total
-------------------------+-------+-------+-------++-------
Melee: Hand axe          |   132 |   320 |       ||   452
       War axe           |       |    17 |   144 ||   161
Invok: Trog's Hand       |       |     4 |     2 ||     6
Evoke: Wand              |       |     2 |     3 ||     5
  Use: Scroll            |     2 |       |     2 ||     4
